 Dungeon Crawl Stone Soup version 0.21.1-1-g345015f (webtiles) character file.

121 Lilu the Sneak (level 5, -2/29 HPs)
             Began as a Vine Stalker Assassin on July 26, 2018.
             Slain by an adder (3 damage)
             ... on level 2 of the Dungeon.
             The game lasted 00:07:20 (1522 turns).

Lilu the Sneak (Vine Stalker Assassin)              Turns: 1522, Time: 00:07:21

Health: -2/29      AC:  3    Str: 13    XL:     5   Next: 5%
Magic:  0/6        EV: 12    Int: 11    God:
Gold:   97         SH:  0    Dex: 17    Spells: 4/4 levels left

rFire    . . .     SeeInvis .   a - +2 dagger
rCold    . . .     Gourm    .   (no shield)
rNeg     . . .     Faith    .   c - +0 robe
rPois    .         Spirit   +   (no helmet)
rElec    .         Reflect  .   d - +0 cloak
rCorr    .         Harm     .   (no gloves)
MR       .....                  (no boots)
Stlth    +++.......             (no amulet)
HPRegen  0.49/turn              (no ring)
MPRegen  0.10/turn              (no ring)

@: lethally poisoned (-2 -> -2)
A: fangs 2, regeneration 1, magic shield, antimagic bite, no potion heal 3, rot
immunity
a: no special abilities


You were on level 2 of the Dungeon.
You were not hungry.

You visited 1 branch of the dungeon, and saw 2 of its levels.

You collected 97 gold pieces.

Inventory:

Hand Weapons
 a - a +2 dagger (weapon)
 b - a +0 blowgun
 t - a +4 club
Missiles
 e - 8 poisoned needles
 f - 2 curare-tipped needles
 k - 65 stones (quivered)
 r - 9 arrows
Armour
 c - a +0 robe (worn)
 d - a +0 cloak (worn)
Scrolls
 h - a scroll of noise {unknown}
 j - a scroll of random uselessness {unknown}
 l - 3 scrolls of amnesia {unknown}
 m - a scroll of fog {unknown}
 n - 2 scrolls of identify {unknown}
 s - a scroll of enchant weapon {unknown}
Potions
 i - 4 potions of heal wounds {unknown}
 o - a potion of mutation {unknown}
 q - a potion of degeneration {unknown}
Comestibles
 g - 3 rations
 p - 3 chunks of flesh


   Skills:
 + Level 4.2 Fighting
 - Level 1.7 Short Blades
 - Level 1.7 Throwing
 - Level 1.5 Dodging
 - Level 4.8 Stealth


You had 4 spell levels left.
You didn't know any spells.

Dungeon Overview and Level Annotations

Branches:
Dungeon (2/15)

Altars:
Elyvilon
Okawaru
The Shining One


Innate Abilities, Weirdness & Mutations

You have extremely sharp teeth.
Your natural rate of healing is unusually fast.
When hurt, damage is shared between your health and your magic reserves.
Your bite disrupts and absorbs the magic of your enemies.
Potions cannot restore your health.
You are immune to rotting.


Message History

The adder poisons you! The gnoll misses you.
You feel sick. The gnoll hits you with a whip.
* * * LOW HITPOINT WARNING * * *
You feel sick. The adder bites you.
* * * LOW HITPOINT WARNING * * *
You feel sick. The adder bites you but does no damage.
The gnoll throws a stone.
The stone closely misses you. The adder closely misses you.
You see here a stone.
You feel sick.
You feel sick.
You feel sick. The adder barely misses you.
You feel sick. The adder misses you. The adder closely misses you.
The gnoll throws a stone.
The stone closely misses you.
The gnoll throws a stone.
The stone closely misses you.
You feel sick.
The gnoll throws a stone.
The stone hits you.
* * * LOW HITPOINT WARNING * * *
The adder bites you.
You die...

#......(...#
#..........#
#..........# #
#..........#
#.###..........#
#......g.......#
#.##...........#
#(S......#######
#.@##'##.......#
#..#...#.......####
##.# ⌠.#.......÷)..
#.# ..#.......####
..# #S####+## ...
...# .#.#..### #.
(#.# ...


You could see a gnoll and an adder.

Vanquished Creatures
  Jessica (D:2)
  Natasha (D:2)
  A gnoll (D:2)
  2 adders (D:2)
  An ooze (D:1)
  2 leopard geckos
  A giant cockroach (D:1)
  6 hobgoblins
  3 jackals (D:1)
  6 kobolds
  9 bats
  A frilled lizard (D:1)
  6 rats
40 creatures vanquished.

Notes
Turn   | Place    | Note
-------+----------+-------------------------------------------
     0 | D:1      | Lilu the Vine Stalker Assassin began the quest for the Orb.
     0 | D:1      | Reached XP level 1. HP: 11/11 MP: 2/2
    13 | D:1      | Reached skill level 1 in Dodging
   119 | D:1      | Reached XP level 2. HP: 4/15 MP: 1/3
   487 | D:1      | Found a glowing golden altar of the Shining One.
   597 | D:1      | Reached XP level 3. HP: 17/19 MP: 4/4
  1199 | D:2      | Found a white marble altar of Elyvilon.
  1354 | D:2      | Found an iron altar of Okawaru.
  1399 | D:2      | Noticed Jessica
  1408 | D:2      | Killed Jessica
  1408 | D:2      | Gained mutation: Your natural rate of healing is unusually fast. [Vine Stalker growth]
  1408 | D:2      | Reached XP level 4. HP: 14/25 MP: 2/5
  1438 | D:2      | Noticed Natasha
  1455 | D:2      | Killed Natasha
  1507 | D:2      | Reached XP level 5. HP: 11/29 MP: 3/6
  1522 | D:2      | HP: 1/29 [gnoll/stone (1)]
  1522 | D:2      | Slain by an adder

Skill      XL: |  1  2  3  4 |
---------------+-------------+-----
Dodging        | 1 |  1.5
Fighting       | 2 3 4 |  4.2
Short Blades   | |  1.7
Throwing       | |  1.7
Stealth        | |  4.8

Action                   |  1- 3 |  4- 6 || total
-------------------------+-------+-------++-------
Melee: Dagger            |   122 |    34 ||   156
       Bite              |    26 |    12 ||    38
 Stab: Sleeping          |     9 |       ||     9
  Eat: Chunk             |     2 |       ||     2
Armor: Robe              |    37 |     5 ||    42
Dodge: Dodged            |   101 |    29 ||   130
